 Dungeon Crawl Stone Soup version 0.29.1-13-g9f3cf754e1 (webtiles) character file.

Game seed: 6169864126024223426

30 bubby the Trooper (level 3, -2/31 HPs)
             Began as a Ghoul Fighter on Jan 21, 2023.
             Slain by Terence
             ... wielding a +0 trident
              (6 damage)
             ... on level 2 of the Dungeon.
             The game lasted 00:01:25 (639 turns).

bubby the Trooper (Ghoul Fighter)                    Turns: 639, Time: 00:01:26

Health: -2/31      AC:  6    Str: 21    XL:     3   Next: 20%
Magic:  2/2        EV:  6    Int:  3    God:
Gold:   14         SH:  4    Dex:  8    Spells: 2/2 levels left

rFire   . . .      SeeInvis .   a - +0 war axe
rCold   + . .      Faith    .   c - +0 buckler
rNeg    + + +      Spirit   .   b - +0 scale mail
rPois   ∞          Reflect  .   (no helmet)
rElec   .          Harm     .   (no cloak)
rCorr   .          Rampage  .   (no gloves)
Will    .....                   (no boots)
Stlth   ..........              (no amulet)
HPRegen 0.00/turn               (no ring)
MPRegen 0.08/turn               (no ring)

@: grasped by roots, inhibited regen, constricted
A: claws 1, cold resistance 1, negative energy resistance 3, inhibited
regeneration, torment resistance 2, devour on kill
a: no special abilities


You were on level 2 of the Dungeon.
You visited 1 branch of the dungeon, and saw 2 of its levels.

You collected 14 gold pieces.

Inventory:

Hand Weapons
 a - a +0 war axe (weapon)
Armour
 b - a +0 scale mail (worn)
 c - a +0 buckler (worn)
Scrolls
 f - a scroll of amnesia {unknown}
 g - a scroll of identify {unknown}
 h - 2 scrolls of fear {unknown}
Potions
 d - a potion of might
 e - a potion of flight {unknown}
 i - a potion of magic {unknown}
 j - a potion of degeneration {unknown}


   Skills:
 - Level 3.2 Fighting
 * Level 3.2 Axes
 - Level 2.6 Armour
 - Level 2.6 Shields


You had 2 spell levels left.
You didn't know any spells.
Your spell library contained the following spells:

 Spells                   Type           Power      Damage    Failure   Level
 Apportation              Tloc           0%         N/A       92%         1
 Alistair's Intoxication  Tmut/Pois      0%         N/A       100%        5


Dungeon Overview and Level Annotations

Branches:
Dungeon (2/15)

Altars:

Shops:
D:2 !

Annotations:
D:2 Terence


Innate Abilities, Weirdness & Mutations

You are immune to poison.
You have sharp fingernails.
Your flesh is cold resistant. (rC+)
You are immune to negative energy. (rN+++)
You do not regenerate when monsters are visible.
You are immune to unholy pain and torment.
You thrive by killing the living.


Message History

Done exploring.
Done exploring.
Done exploring.
Done exploring.
Search for what [? for help]? /D:1
(D) Dungeon
Where to? (? - help)
There is a stone staircase leading down here.
You climb downwards.
Terence shouts!
The hobgoblin shouts!
Found 8 stones.
Found Agerou's Distillery.
There is a stone staircase leading up here.
There are monsters nearby!
Terence drinks a potion.
Terence flickers and vanishes!
Deactivating autopickup; reactivate with Ctrl-A.
You slash the hobgoblin!
You kill the hobgoblin!
You closely miss something.
You hear a zap.
The roots erupt in riotous growth!
The grasping roots grab you!
You are constricted.
Sorry, you're not good enough to have a special ability.
You slash something! Something hits you.
You are constricted.
Sorry, you're not good enough to have a special ability.
You hit something. Something completely misses you.
You are constricted.
Something hits you but does no damage.
You are constricted.
The grasping roots release their grip on you.
Sorry, you're not good enough to have a special ability.
You closely miss something.
You hear a zap.
The roots erupt in riotous growth!
The grasping roots grab you!
You are constricted!
* * * LOW HITPOINT WARNING * * *
The roots grasp on you weakens, but your attempt to escape fails.
You block something's attack.
You are constricted.
* * * LOW HITPOINT WARNING * * *
You hit something. Something hits you.
You die...

#########
........#+######
......(........#
......{@.<.....#
..............∩#
...............#
...............#
########.......#
#.......#
#.......#
........#


There were no monsters in sight!

Vanquished Creatures
  A dart slug (D:1)
  4 endoplasms (D:1)
  2 giant cockroaches (D:1)
  4 goblins (D:1)
  2 hobgoblins
  2 kobolds (D:1)
  A quokka (D:1)
  A ball python (D:1)
  4 bats (D:1)
  4 frilled lizards (D:1)
25 creatures vanquished.

Notes
Turn   | Place    | Note
-------+----------+-------------------------------------------
     0 | D:1      | bubby the Ghoul Fighter began the quest for the Orb.
     0 | D:1      | Reached XP level 1. HP: 19/19 MP: 0/0
    91 | D:1      | Found a faded altar of an unknown god.
    98 | D:1      | Reached XP level 2. HP: 26/26 MP: 1/1
   279 | D:1      | Reached XP level 3. HP: 30/31 MP: 2/2
   631 | D:2      | Noticed Terence
   631 | D:2      | Found Agerou's Distillery.
   639 | D:2      | Slain by Terence

Illustrated notes

Levels and vault maps discovered:
D:1:      evilmike_arrival_grusome_pit, layout_rooms,
          chequers_ecumenical_altar_simple_redux, chequers_jeans,
          hangedman_decor_growths, minmay_pentomino_o2
D:2:      layout_basic, serial_shops, shop, uniq_terence

Skill      XL: |  1  2 |
---------------+-------+-----
Axes           | 2 3 |  3.2
Fighting       | |  3.2
Armour         | |  2.6
Shields        | |  2.6

Action                   || total
-------------------------++-------
Melee: War axe           ||    60
Armor: Scale mail        ||    30
Dodge: Dodged            ||    32
Block: Buckler           ||    11
